 Dungeon Crawl Stone Soup version 0.31-a0-978-g1e143483b6 (webtiles) character file.

Game seed: 5790886264495964179

1010 lunkers the Grappler (level 8, -1/59 HPs)
             Began as a Meteoran Shapeshifter on Oct 30, 2023.
             Slain by a komodo dragon (24 damage)
             ... on level 6 of the Dungeon.
             The game lasted 00:05:11 (2234 turns).

lunkers the Grappler (Meteoran Shapeshifter)        Turns: 2234, Time: 00:05:12

Health: -1/59      AC: 12    Str: 16    XL:     8   Next: 73%
Magic:  9/9        EV: 10    Int: 12    God:
Gold:   288        SH:  0    Dex: 15    Spells: 7/7 levels left

rFire   . .          .
                       - Unarmed
rCold   . . .        (no shield)
rNeg    . . .        i - +6 scale mail of Prudence {Harm Regen+}
rPois   .            (helmet currently unavailable)
rElec   .            (cloak currently unavailable)
rCorr   .            (gloves currently unavailable)
SInv    .            (boots currently unavailable)
Will    ++...        (no amulet) Stlth
                     e - ring of willpower
HPRegen 1.09/turn    (no ring)
MPRegen 0.11/turn

%: harm (+30% outgoing, +20% incoming)
@: beast-form, glowing
A: beast (slay +3), sense surroundings 1, otherworldly, glowing, explore regen
a: Begin Untransformation


You were on level 6 of the Dungeon.
You were a hulking beast.
You visited 1 branch of the dungeon, and saw 6 of its levels.

You collected 288 gold pieces.

Inventory:

Armour
 a - a +0 animal skin
 h - a +0 pair of gloves
 i - the +6 scale mail of Prudence (worn) {Harm Regen+}
   (You found it on level 2 of the Dungeon)

   Regen+:    It increases your rate of health regeneration.
   Harm:      It increases damage dealt and taken.
Jewellery
 e - a ring of willpower (left hand)
 j - an amulet of magic regeneration
 s - a ring of fire
Talismans
 c - a beast talisman
 d - a flux talisman
 x - a maw talisman
Scrolls
 f - 2 scrolls of poison {unknown}
 g - 2 scrolls of identify {unknown}
 m - 5 scrolls of fog {unknown}
 p - a scroll of brand weapon {unknown}
 u - a scroll of blinking {unknown}
 v - 2 scrolls of teleportation {unknown}
 w - 2 scrolls of vulnerability {unknown}
Potions
 b - a potion of lignification
 k - 4 potions of curing {unknown}
 l - a potion of heal wounds {unknown}
 n - a potion of degeneration {unknown}
 o - a potion of berserk rage {unknown}
 q - 2 potions of might {unknown}
 r - a potion of mutation {unknown}
 t - a potion of brilliance {unknown}
 z - a potion of attraction {unknown}


   Skills:
 - Level 1.1 Fighting
 - Level 2.1 Dodging
 * Level 9.8 Unarmed Combat
 + Level 6.9 Shapeshifting


You had 7 spell levels left.
You didn't know any spells.
Your spell library was empty.

Dungeon Overview and Level Annotations

Branches:
Dungeon (6/15) Zot: 1396
 Temple: D:4-7

Altars:
Elyvilon
Xom
Zin

Shops:
D:3 [   D:4 *   D:5 *(=*


Innate Abilities, Weirdness & Mutations

You are a hulking beast.
Your limbs bulge with bestial killing power. (Slay +3)
You passively map a small area around you.
You are easily found by Zot.
You glow in the dark.
You regain HP and MP as you explore.


Message History

The water moccasin bites you but does no damage.
You punch the water moccasin!
You kill the water moccasin!
No target in view!
No target in view!
HP restored.
Found a flail.
No target in view!
You see here a +0 flail.
Found a stone staircase leading down.
No target in view!
There is a stone staircase leading down here.
Found a flail.
No target in view!
You now have 288 gold pieces (gained 19).
A komodo dragon comes into view.
The komodo dragon hisses angrily.
You barely miss the komodo dragon. The komodo dragon bites you!
You punch the komodo dragon!
The komodo dragon is moderately wounded.
The komodo dragon bites you but does no damage.
You hit the komodo dragon but do no damage.
The komodo dragon is moderately wounded.
The komodo dragon bites you but does no damage.
You hit the komodo dragon.
The komodo dragon is moderately wounded.
The komodo dragon bites you.
You hit the komodo dragon.
You punch the komodo dragon, but do no damage.
The komodo dragon is heavily wounded.
The komodo dragon bites you!!
Ouch! That really hurt!
* * * LOW HITPOINT WARNING * * *
You closely miss the komodo dragon.
The komodo dragon is heavily wounded.
Unknown command.
You punch the komodo dragon!
The komodo dragon is severely wounded.
The komodo dragon bites you!!
You die...

, , , , , #. , , , , #. .#
,, , , .####. . , ,
...#.##. , , ,...... , ,,
, #.#... ,,
..##.#..####.#...
,.........hl......... #. ,
###.#..####.#..##.. #.
#..# #.#..##..# #. # #..#
#.#..##..# #. ,
#.#..####.#......#####. *
.###.#..#.................
,
..........................
........#.................
####.##..............#####


You could see a komodo dragon.

Vanquished Creatures
  A water moccasin (D:6)
  4 black bears
  A jelly (D:4)
  3 hounds
  3 orc priests
  A sleepcap (D:4)
  An iguana (D:5)
  3 orc wizards
  Robin (D:2)
  4 adders
  6 gnolls
  A shadow imp (D:6)
  A white imp (D:4)
  A dart slug (D:2)
  13 orcs
  A ball python (D:4)
  5 bats
  4 endoplasms
  3 giant cockroaches
  5 hobgoblins
  A jackal (D:4)
  3 quokkas
  3 frilled lizards
  14 goblins
  4 kobolds
  2 rats
89 creatures vanquished.

Notes
Turn   | Place    | Note
-------+----------+-------------------------------------------
     0 | D:1      | lunkers the Meteoran Shapeshifter began the quest for the
                  | Orb.
     0 | D:1      | Reached XP level 1. HP: 16/16 MP: 2/2
   267 | D:2      | Reached XP level 2. HP: 19/23 MP: 3/3
   273 | D:2      | Reached skill level 4 in Unarmed Combat
   306 | D:2      | Identified the +6 scale mail of Prudence {Harm Regen+}
   470 | D:2      | Noticed Robin
   479 | D:2      | Reached XP level 3. HP: 23/28 MP: 4/4
   481 | D:2      | Killed Robin
   502 | D:2      | Reached XP level 4. HP: 32/35 MP: 5/5
   572 | D:3      | Reached skill level 5 in Unarmed Combat
   759 | D:3      | Reached XP level 5. HP: 39/40 MP: 6/6
   923 | D:3      | Found Litah's Armour Emporium.
  1083 | D:3      | Reached skill level 6 in Unarmed Combat
  1120 | D:4      | Reached XP level 6. HP: 47/47 MP: 7/7
  1160 | D:4      | Reached skill level 5 in Shapeshifting
  1186 | D:4      | Noticed a black bear
  1188 | D:4      | Noticed a black bear
  1195 | D:4      | Killed a black bear
  1196 | D:4      | Reached skill level 7 in Unarmed Combat
  1207 | D:4      | Killed a black bear
  1208 | D:4      | Reached XP level 7. HP: 27/52 MP: 8/8
  1342 | D:4      | Found Zin's Purification Station.
  1343 | D:4      | Found a glowing silver altar of Zin.
  1355 | D:4      | Found a white marble altar of Elyvilon.
  1473 | D:4      | Reached skill level 8 in Unarmed Combat
  1627 | D:5      | Entered Level 5 of the Dungeon
  1635 | D:5      | Reached XP level 8. HP: 50/59 MP: 9/9
  1709 | D:5      | Found Woukhl Gezu's Weapon Emporium.
  1710 | D:5      | Found Hoha Rau's General Store.
  1710 | D:5      | Found Cirpheet's Jewellery Emporium.
  1718 | D:5      | Found Worah's Assorted Antiques.
  1832 | D:5      | Found a shimmering altar of Xom.
  1898 | D:5      | Reached skill level 9 in Unarmed Combat
  2225 | D:6      | Noticed a komodo dragon
  2234 | D:6      | Slain by a komodo dragon

Illustrated notes

Levels and vault maps discovered:
D:1:      psy_arrival_spokes, layout_loops_ring, chequers_serial_rivers_small_a
D:2:      layout_rooms, uniq_robin
D:3:      layout_loops_cross, serial_shops, shop
D:4:      minmay_chambers_of_twos, layout_basic, grunt_temple_overflow_holy_war,
          overflow_temple_1_default, zin_purify, minmay_temple_entry_poolview,
          dreamdust_gnoll_farm
D:5:      layout_loops_ring, kennysheep_mini_moat, minmay_shop_grid_forest
D:6:      layout_basic, gammafunk_ghost_hive, uniq_eustachio

Skill      XL: |  1  2  3  4  5  6  7  8 |
---------------+-------------------------+-----
Unarmed Combat | 4 5 6 7 8 9 |  9.8
Shapeshifting  | 4 5 6 |  6.9
Fighting       | |  1.1
Dodging        | |  2.1

Action                     |  1- 3 |  4- 6 |  7- 9 || total
---------------------------+-------+-------+-------++-------
  Melee: Unarmed           |    59 |   100 |    93 ||   252
         Punch             |     2 |     2 |     4 ||     8
 Armour: Animal skin       |     8 |       |       ||     8
         Scale mail        |    26 |    92 |    87 ||   205
  Dodge: Dodged            |    31 |    62 |    45 ||   138

Table legend: (Time is in decaauts)
 A = Elapsed time spent in this place.
 B = Non-inter-level travel time spent in this place.
 C = Inter-level travel time spent in this place.
 D = Time resting spent in this place.
 E = Time spent auto-exploring this place.
 F = Levels seen in this place.
 G = Mean time per level.
                   A        B        C        D        E       F      G
               +--------+--------+--------+--------+--------+-----+--------+
         Total |   2203 |   2182 |     21 |      0 |   1609 |   6 |  367.2 |
       Dungeon |   2203 |   2182 |     21 |      0 |   1609 |   6 |  367.2 |
               +--------+--------+--------+--------+--------+-----+--------+

Top non-repeatable levels by time:
     D:3: 552 daAuts
     D:4: 511 daAuts
     D:5: 405 daAuts
     D:2: 285 daAuts
     D:1: 256 daAuts
     D:6: 190 daAuts
